Map: Cresta di Lerilak

Players

Jhyrachy - Winner!

  • Race: Zerg Zerg
  • League: Silver

flo

  • Race: Terran Terran

VOD

Have the link to the VOD?

Description

Time

  • Played on: Dec. 10, 2015, 3:46 p.m.
  • Length: 5:10
Show
View Real Time Build Order
Export as new Build Order

Jhyrachy Zerg - Winner!

Build Orders: Hatch First 

Get SALT Encoding   

  12  0:02  Drone  
  13  0:09  Drone  
  14  0:17  Overlord  
  14  0:28  Extractor  
  13  0:30  Extractor  
  13  0:32  Drone x2  
  16  0:55  Hatchery  
  15  1:07  Extractor  
  15  1:08  Drone  
  15  1:10  Drone x2  
  17  1:20  Spawning Pool  
  16  1:27  Drone  
  16  1:32  Drone  
  18  1:40  Overlord  
  18  1:55  Drone  
  19  2:04  Drone  
  20  2:11  Metabolic Boost  
  20  2:12  Queen  
  20  2:15  Queen  
  24  2:26  Drone x2  
  26  2:37  Baneling Nest  
  26  2:39  Drone  
  26  2:40  Overlord  
  26  2:49  Zergling x6  
  29  3:13  Zergling x8  
  29  3:14  Zergling x2, Overlord  
  33  3:41  Zergling x2  
  33  3:42  Zergling x8  
  33  3:43  Zergling x2, Overlord  
  36  4:10  Zergling x10  
  36  4:11  Zergling x4, Overlord  
  43  4:26  Baneling  
  43  4:27  Baneling x3  
  43  4:28  Baneling  
  43  4:36  Zergling x2  
  43  4:37  Zergling x16  
Show
View Real Time Build Order
Export as new Build Order

flo Terran 

Build Orders:  

Get SALT Encoding   

  12  0:01  SCV  
  13  0:13  SCV  
  14  0:21  Supply Depot  
  14  0:25  SCV  
  15  0:42  SCV  
  16  0:44  Barracks  
  16  0:52  Refinery  
  16  0:54  SCV  
  17  1:06  SCV  
  18  1:19  SCV  
  18  1:21  Refinery  
  19  1:33  Orbital Command  
  19  1:36  Barracks Tech Lab  
  19  1:38  Supply Depot  
  19  1:56  Marauder  
  21  2:02  Barracks  
  21  2:09  SCV  
  22  2:21  SCV  
  23  2:30  Command Center  
  23  2:33  SCV  
  24  2:40  Marauder  
  26  2:48  SCV  
  27  2:52  Factory  
  27  2:56  Barracks Reactor  
  27  3:00  SCV  
  28  3:07  Marauder  
  28  3:12  SCV  
  31  3:18  Supply Depot  
  31  3:40  Marauder, SCV  
  29  4:02  Marauder  
  26  4:23  Marauder  
  21  4:24  Factory Tech Lab  
  21  4:27  Marine x2  
  23  4:33  SCV  
  24  4:44  Marauder  
  24  4:45  Marine x2, SCV  
  29  4:57  SCV  
Tags
 
Add a new tag
Caveats
  • Supply blocks, unpowered buildings, or Contaminate may cause inaccurate times.
  • Supply counts are checked every 10 seconds.